Map: Taito Citadel LE

Players

HoldTheDoor - Winner!

  • Race: Protoss Protoss
  • League: Diamond
  • Spawn Location: 5:00

Migsz

  • Race: Zerg Zerg
  • League: Platinum
  • Spawn Location: 11:00

VOD

Have the link to the VOD?

Description

Time

  • Played on: May 2, 2026, 11:27 a.m.
  • Length: 4:58
Show
View Real Time Build Order
Export as new Build Order

HoldTheDoor Protoss - Winner!

Build Orders:  

Get SALT Encoding   

  12  0:00  Probe  
  13  0:12  Probe  
  14  0:25  Pylon, Probe  
  15  0:43  Probe  
  15  0:45  Forge  
  16  0:54  Pylon  
  16  0:55  Probe  
  17  1:07  Probe  
  18  1:19  Photon Cannon  
  18  1:22  Gateway  
  18  1:30  Probe  
  19  1:37  Pylon  
  19  1:50  Probe  
  19  1:53  Assimilator  
  20  1:55  Assimilator  
  20  1:59  Photon Cannon  
  20  2:02  Probe  
  21  2:12  Cybernetics Core  
  21  2:14  Probe  
  22  2:26  Photon Cannon  
  22  2:29  Pylon  
  22  2:31  Zealot  
  22  2:34  Probe  
  25  2:46  Probe  
  26  2:54  Stargate  
  26  2:58  Shield Battery  
  26  3:05  Shield Battery  
  26  3:17  Photon Cannon  
  26  3:26  Photon Cannon  
  26  3:36  Void Ray  
  30  3:55  Shield Battery  
  28  4:07  Shield Battery  
  28  4:10  Void Ray  
  28  4:13  Probe  
Show
View Real Time Build Order
Export as new Build Order

Migsz Zerg 

Build Orders: Hatch First 

Get SALT Encoding   

  12  0:00  Drone  
  13  0:12  Overlord  
  13  0:17  Drone  
  14  0:31  Drone  
  15  0:43  Hatchery  
  15  0:47  Drone  
  15  0:50  Drone  
  15  0:54  Drone  
  17  1:09  Spawning Pool  
  16  1:12  Drone  
  16  1:17  Extractor  
  16  1:18  Drone  
  16  1:21  Drone  
  18  1:31  Drone  
  20  1:57  Queen, Spine Crawler  
  20  1:58  Spine Crawler  
  20  2:00  Zergling x4  
  22  2:03  Overlord  
  22  2:23  Zergling x2  
  23  2:33  Queen  
  23  2:34  Zergling x2  
  26  2:44  Zergling x2  
  26  2:46  Overlord  
  27  2:51  Metabolic Boost  
  27  3:09  Queen  
  27  3:11  Zergling x6  
  27  3:12  Zergling x2  
  33  3:19  Zergling x2  
  34  3:36  Drone  
  35  3:42  Spine Crawler  
  34  3:49  Zergling x2  
  34  3:50  Zergling x6  
  30  4:07  Zergling x4  
  31  4:13  Queen  
  33  4:29  Zergling x4  
  35  4:41  Spine Crawler  
Tags
 
Add a new tag
Caveats
  • Supply blocks, unpowered buildings, or Contaminate may cause inaccurate times.
  • Supply counts are checked every 10 seconds.